 Dungeon Crawl Stone Soup version 0.31-a0-236-g9a0961fb85 (webtiles) character file.

Game seed: 12500020493230141263

211 qw the Shooter (level 5, -1/32 HPs)
             Began as a Gargoyle Hexslinger on July 10, 2023.
             Slain by Dowan
             ... wielding a +0 dagger of venom
              (5 damage)
             ... on level 4 of the Dungeon.
             The game lasted 00:01:12 (3362 turns).

qw the Shooter (Gargoyle Hexslinger)                Turns: 3362, Time: 00:01:12

Health: -1/32      AC:  9    Str: 11    XL:     5   Next: 88%
Magic:  6/6        EV: 10    Int: 14    God:
Gold:   222        SH:  5    Dex: 17    Spells: 5/6 levels left

rFire   . . .        Y - +1 sling
rCold   . . .        (no shield)
rNeg    + . .        b - +0 ring mail
rPois   inf          (no helmet)
rElec   +            (no cloak)
rCorr   .            (no gloves)
SInv    .            (no boots)
Will    .....        d - amulet of the Battered Portals {Reflect Dex+3 SH+5}
Stlth   +            (no ring)
HPRegen 0.25/turn    (no ring)
MPRegen 0.10/turn

%: reflection
@: lit by a corona, glowing
A: sickness immunity, AC +4, negative energy resistance 1, electricity
resistance, torment resistance 1, petrification resistance
a: no special abilities


You were on level 4 of the Dungeon.
You visited 1 branch of the dungeon, and saw 4 of its levels.

You collected 222 gold pieces.


Innate Abilities, Weirdness & Mutations

You are immune to sickness and miasma.
Your stone body is resilient. (AC +4)
You are immune to poison.
You resist negative energy. (rN+)
You are resistant to electric shocks. (rElec)
You are resistant to unholy torment.
You are immune to petrification.


   Skills:
 - Level 3.2 Fighting
 + Level 5.0 Ranged Weapons
 - Level 1.0 Armour
 - Level 1.5 Dodging
 - Level 1.0 Spellcasting
 - Level 2.6 Hexes


You had 5 spell levels left.
You knew the following spells:

 Your Spells              Type           Power      Damage    Failure   Level
a - Slow                  Hex            32%        N/A       21%         1

Your spell library contained the following spells:

 Spells                   Type           Power      Damage    Failure   Level
 Inner Flame              Hex/Fire       4%         N/A       71%         3
 Portal Projectile        Hex/Tloc       8%         N/A       71%         3
 Cause Fear               Hex            4%         N/A       90%         4

Inventory:

Hand Weapons
 Y - a +1 sling (weapon)
Armour
 b - a +0 ring mail (worn)
Jewellery
 a - a ring of fire
 d - the amulet of the Battered Portals (around neck) {Reflect Dex+3 SH+5}
   (You found it on level 2 of the Dungeon)

   [amulet of reflection]

   It reflects blocked missile attacks.
   Dex:       It affects your dexterity (+3).
   SH:        It affects your SH (+5).
Scrolls
 i - a scroll of silence {unknown}
 j - a scroll of enchant armour {unknown}
 k - a scroll of fog {unknown}
Potions
 c - a potion of haste {unknown}
 e - a potion of curing
 f - a potion of ambrosia {unknown}
 g - a potion of mutation {unknown}
 h - a potion of resistance {unknown}

Dungeon Overview and Level Annotations

Branches:
Dungeon (4/15)
 Temple: D:4-7

Altars:

Annotations:
D:2 1 runed translucent door, Crazy Yiuf
D:4 Dowan, Duvessa


Message History

Duvessa hits you with a +0 short sword. Dowan hits you but does no damage.
You shoot a sling bullet. The sling bullet hits Duvessa.
Duvessa is moderately wounded.
Dowan hits you with a +0 dagger of venom.
Duvessa hits you with a +0 short sword.
You shoot a sling bullet.
The sling bullet closely misses Duvessa.
You block Dowan's attack. Duvessa barely misses you.
You shoot a sling bullet.
The sling bullet hits Duvessa but does no damage.
Duvessa is moderately wounded.
An adder comes into view.
You block Dowan's attack. Duvessa barely misses you.
Duvessa hits you but does no damage. Dowan hits you but does no damage.
You shoot a sling bullet. The adder hisses angrily.
The sling bullet hits Duvessa.
Duvessa is moderately wounded.
Dowan mumbles some strange words.
Dowan blinks!
Duvessa hits you with a +0 short sword.
You shoot a sling bullet. The sling bullet barely misses Duvessa.
Dowan gestures at you while chanting.
You are outlined in light.
You block Duvessa's attack.
You shoot a sling bullet. The sling bullet barely misses Duvessa.
You block Duvessa's attack.
Dowan hits you with a +0 dagger of venom.
You shoot a sling bullet.
The sling bullet hits Duvessa but does no damage.
Duvessa is moderately wounded.
Dowan mumbles some strange words.
Dowan blinks!
Duvessa hits you but does no damage. The adder barely misses you.
Duvessa hits you with a +0 short sword! The adder closely misses you.
You shoot a sling bullet.
The sling bullet closely misses Duvessa.
The adder bites you but does no damage. Duvessa hits you with a +0 short sword.
You shoot a sling bullet. The sling bullet hits Duvessa.
Duvessa is heavily wounded.
The adder bites you.
Dowan hits you with a +0 dagger of venom.
You die...

## #.
#################.
#................. #
#.##.............. #
#.#.##.###.........#
#.#.#....###.###.....#
#....e.......# #.....#
###.S@######## #.....#
.>....#e....# #.....#
......####.## #######
#.... # # #.#.# # # ..
# .. # # #


You could see Duvessa, Dowan and an adder.

Vanquished Creatures
  2 iguanas
  Natasha (D:2)
  A gnoll (D:2)
  2 adders
  2 worms (D:3)
  2 dart slugs
  4 orcs (D:3)
  6 bats
  6 endoplasms
  3 giant cockroaches
  6 goblins
  13 hobgoblins
  6 jackals (D:2)
  3 kobolds
  3 quokkas
  13 ball pythons
  5 frilled lizards
  7 rats
85 creatures vanquished.

Notes
Turn   | Place    | Note
-------+----------+-------------------------------------------
     0 | D:1      | qw the Gargoyle Hexslinger began the quest for the Orb.
     0 | D:1      | Reached XP level 1. HP: 12/12 MP: 2/2
     0 | D:1      | 0 ||| qw: Version: 0.3-a-52-g30416fa
     0 | D:1      | 0 ||| qw: Game counter: 4696
     0 | D:1      | 0 ||| qw: Melee chars always use a shield: true
     0 | D:1      | 0 ||| qw: God list: Okawaru
     0 | D:1      | 0 ||| qw: Allow faded altars: false
     0 | D:1      | 0 ||| qw: Do Orc after clearing Dungeon:15 true
     0 | D:1      | 0 ||| qw: Do second Lair branch before Depths: true
     0 | D:1      | 0 ||| qw: Lair rune preference: random
     0 | D:1      | 0 ||| qw: Goals: Normal
     0 | D:1      | 0 ||| PLANNING D:1-11
   225 | D:1      | Reached XP level 2. HP: 16/16 MP: 3/3
   292 | D:1      | Reached skill level 3 in Ranged Weapons
   303 | D:1      | 303 ||| FLEEEEING.
   537 | D:1      | Reached XP level 3. HP: 12/21 MP: 4/4
   594 | D:1      | Found a faded altar of an unknown god.
   898 | D:1      | 898 ||| READING scroll labelled POR HEVOMOUSU.
   899 | D:1      | 899 ||| READING scroll labelled YNERCH JAEGOUSCHOC.
   900 | D:1      | 900 ||| DROPPING scroll of poison.
  1421 | D:2      | Identified the amulet of the Battered Portals {Reflect
                  | Dex+3 SH+5}
  1479 | D:2      | Reached XP level 4. HP: 11/26 MP: 5/5
  1592 | D:2      | Identified the +7 dagger "Behoiso Busch" {flame, Str+4
                  | Dex+3}
  1601 | D:2      | Found a runed translucent door.
  1602 | D:2      | Noticed Crazy Yiuf
  1646 | D:2      | Reached skill level 4 in Ranged Weapons
  1817 | D:2      | Noticed Natasha
  1825 | D:2      | 1825 ||| Stepping ~*~*~tactically~*~*~ (outnumbered).
  1837 | D:2      | Killed Natasha
  1838 | D:2      | Reached XP level 5. HP: 21/30 MP: 6/6
  2036 | D:2      | 2036 ||| UPGRADING to +0 ring mail.
  2046 | D:2      | 2046 ||| DROPPING +0 robe.
  2047 | D:2      | 2047 ||| UPGRADING to amulet of the Battered Portals
                  | {Reflect Dex+3 SH+5}.
  2052 | D:2      | 2052 ||| DRINKING 2 golden potions.
  2277 | D:3      | Reached skill level 1 in Armour
  2455 | D:3      | Reached skill level 5 in Ranged Weapons
  2917 | D:3      | 2917 ||| READING scroll labelled QONIRU COPETO.
  3253 | D:4      | Reached skill level 3 in Fighting
  3343 | D:4      | Noticed Duvessa
  3344 | D:4      | Noticed Dowan
  3360 | D:4      | HP: 8/32 [Duvessa/+0 short sword (7)]
  3362 | D:4      | Slain by Dowan

Levels and vault maps discovered:
D:1:      sevenhm_arrival_forest_fort_small_3, layout_loops_corners,
          shapermc_ecumenical_altar_mp_ritualfount
D:2:      layout_loops_corners, cheibrodos_gnoll_hut, uniq_crazy_yiuf_cottage,
          uniq_natasha
D:3:      layout_basic, minmay_stone_trees_small, guppyfry_early_orc_mine
D:4:      layout_basic, minmay_temple_entry_stoned_glass, minmay_bisected,
          uniq_duvessa

Skill      XL: |  1  2  3  4  5 |
---------------+----------------+-----
Ranged Weapons | 3 4 5 |  5.0
Fighting       | 2 3 |  3.2
Armour         | 1 |  1.0
Dodging        | |  1.5
Spellcasting   | |  1.0
Hexes          | |  2.6

Action                     |  1- 3 |  4- 6 || total
---------------------------+-------+-------++-------
   Fire: Sling             |   126 |   168 ||   294
    Use: Scroll            |     2 |     1 ||     3
         Potion            |       |     1 ||     1
 Armour: Robe              |    28 |     2 ||    30
         Ring mail         |       |    26 ||    26
  Dodge: Dodged            |    41 |    51 ||    92
  Block: Other             |       |    21 ||    21

Table legend:
 A = Non-vault XP
 B = Vault XP
 C = Vault XP percentage of total XP
 D = Non-vault monster count
 E = Vault monster count
 F = Vault count percentage of total count
                 A         B        C        D         E       F
            +---------+---------+-------+---------+---------+-------
      Total |     231 |      71 |  23.5 |      74 |      11 |  12.9
            +---------+---------+-------+---------+---------+-------
        D:1 |      44 |       0 |   0.0 |      25 |       0 |   0.0
        D:2 |      76 |      54 |  41.5 |      23 |       4 |  14.8
        D:3 |      53 |      17 |  24.3 |      20 |       7 |  25.9
        D:4 |      58 |       0 |   0.0 |       6 |       0 |   0.0
            +---------+---------+-------+---------+---------+-------
